 Dungeon Crawl Stone Soup version 0.28-a0-1447-ga5a8893891 (webtiles) character file.

Game seed: 14508280404134889891

194 rogsnak the Gusty (level 5, 0/35 HPs)
             Began as a Demonspawn Air Elementalist on Jan 10, 2022.
             Slain by a lemure (6 damage)
             ... led by Pikel
             ... on level 4 of the Dungeon.
             The game lasted 00:08:20 (4039 turns).

rogsnak the Gusty (Demonspawn Air Elementalist)     Turns: 4039, Time: 00:08:21

Health: 0/35       AC:  2    Str:  8    XL:     5   Next: 44%
Magic:  4/10       EV: 12    Int: 18    God:
Gold:   165        SH:  0    Dex: 14    Spells: 2/10 levels left

rFire   . . .      SeeInvis .   d - +0 dagger (protect)
rCold   . . .      Faith    .   c - orb {light}
rNeg    . . .      Spirit   .   a - +0 robe
rPois   .          Reflect  .   (helmet restricted)
rElec   .          Harm     .   (no cloak)
rCorr   .          Rampage  .   (no gloves)
Will    .....                   (no boots)
Stlth   +.........              (no amulet)
HPRegen 0.11/turn               (no ring)
MPRegen 0.12/turn               (no ring)

@: glowing
A: antennae 1, foul stench 1, sturdy frame 1
a: no special abilities


You were on level 4 of the Dungeon.
You visited 1 branch of the dungeon, and saw 4 of its levels.

You collected 165 gold pieces.

Inventory:

Hand Weapons
 b - a +0 whip
 d - a +0 dagger of protection (weapon)
Missiles
 n - 31 poisoned darts
Armour
 a - a +0 robe (worn)
 c - an orb of light (worn)
 m - a +3 ring mail
Jewellery
 q - a ring of ice
Scrolls
 e - 3 scrolls of vulnerability {unknown}
 f - 5 scrolls of identify {unknown}
 j - 2 scrolls of teleportation {unknown}
 l - a scroll of magic mapping {unknown}
 p - a scroll of blinking {unknown}
 r - a scroll of enchant weapon {unknown}
 s - a scroll of fear {unknown}
Potions
 g - a potion of magic {unknown}
 h - 2 potions of degeneration {unknown}
 i - a potion of cancellation {unknown}
 k - a potion of attraction {unknown}
 o - a potion of curing {unknown}


   Skills:
 + Level 0.2 Fighting
 + Level 2.0 Dodging
 - Level 1.7 Stealth
 + Level 3.4 Spellcasting
 * Level 3.1 Conjurations
 + Level 3.6 Air Magic


You had 2 spell levels left.
You knew the following spells:

 Your Spells              Type           Power      Damage    Failure   Level
a - Shock                 Conj/Air       60%        1d6       3%          1
b - Swiftness             Air            16%        N/A       11%         3
c - Airstrike             Air            8%         N/A       34%         4

Your spell library contained the following spells:

 Spells                   Type           Power      Damage    Failure   Level
 Static Discharge         Conj/Air       15%        N/A       6%          2


Dungeon Overview and Level Annotations

Branches:
Dungeon (4/15)
 Temple: D:4-7

Altars:
Cheibriados
Zin

Shops:
D:1 *=   D:3 !

Annotations:
D:4 Pikel


Innate Abilities, Weirdness & Mutations

You have a pair of small antennae on your head.
You may rarely emit foul miasma when damaged in melee.
Your movements are slightly less encumbered by armour. (ER -2)


Message History

Confirm with . or Enter, or press ? or * to list all spells.
Aiming: Shock (safe; 3% risk of failure)
Press: ? - help, Shift-Dir - straight line The zap hits Pikel but does no damage.
Pikel is lightly wounded.
The zap misses the lemure.
The zap hits the lemure.
The lemure is lightly wounded.
The zap hits Pikel.
Pikel is lightly wounded.
Pikel barely misses you.
Casting: Shock (safe; 3% risk of failure)
Confirm with . or Enter, or press ? or * to list all spells.
Aiming: Shock (safe; 3% risk of failure)
Press: ? - help, Shift-Dir - straight line The zap misses Pikel. x2; Pikel barely misses you.
The lemure hits you.
Unknown command.
Casting: Shock (safe; 3% risk of failure)
Confirm with . or Enter, or press ? or * to list all spells.
Aiming: Shock (safe; 3% risk of failure)
Press: ? - help, Shift-Dir - straight line The zap hits Pikel.
Pikel is moderately wounded.
The zap hits Pikel.
Pikel is moderately wounded.
Pikel hits you with a +2 whip of flaming!
Pikel burns you. The lemure barely misses you.
Casting: Shock (safe; 3% risk of failure)
Confirm with . or Enter, or press ? or * to list all spells.
Aiming: Shock (safe; 3% risk of failure)
Press: ? - help, Shift-Dir - straight line The zap hits Pikel.
Pikel is moderately wounded.
The zap hits Pikel.
Pikel is heavily wounded.
Pikel hits you with a +2 whip of flaming!
* * * LOW HITPOINT WARNING * * *
Pikel burns you.
* * * LOW HITPOINT WARNING * * *
The lemure hits you.
You die...

#...#................###########
.###.#...........................
.................................
####.#...........#...............
#.........#.....#..#.#....>...##
#.#.#.###.#.....#..#...5.#..5.#
#.#.#.# #.#.....#..#.....#....#
#.#.#)###.#.....#..#.....#......
#.#.#†....#....@K..#.......##...
#.#.............5..........##...
#..........................##...
##....###..................+ .
#....#...[...)............#
#....#.#....).###.#+####.(..
#....#.#.#.#'#...... ....
##...#.#.#.#.......... ..
#.....#.#.#............


You could see Pikel and a lemure.

Vanquished Creatures
  A lemure (D:3)
  A hound (D:4)
  7 gnolls
  2 adders (D:4)
  5 worms
  4 dart slugs
  3 endoplasms
  2 giant cockroaches (D:1)
  3 hobgoblins
  7 kobolds
  4 quokkas
  3 ball pythons
  3 bats
  6 frilled lizards
  7 goblins
  4 rats
62 creatures vanquished.

Notes
Turn   | Place    | Note
-------+----------+-------------------------------------------
     0 | D:1      | rogsnak the Demonspawn Air Elementalist began the quest for
                  | the Orb.
     0 | D:1      | Reached XP level 1. HP: 13/13 MP: 3/3
    45 | D:1      | Found Hedepn's Assorted Antiques.
   101 | D:1      | Found Tont's Jewellery Shoppe.
   295 | D:1      | Gained mutation: You may rarely emit foul miasma when
                  | damaged in melee. [demonic ancestry]
   295 | D:1      | Reached XP level 2. HP: 11/19 MP: 0/5
  1194 | D:2      | Upgraded the game from 0.28-a0-1435-g82390b3a13 to
                  | 0.28-a0-1447-ga5a8893891
  1239 | D:2      | Found a faded altar of an unknown god.
  1413 | D:2      | Gained mutation: Your movements are slightly less
                  | encumbered by armour. (ER -2) [demonic ancestry]
  1413 | D:2      | Reached XP level 3. HP: 24/24 MP: 2/6
  1696 | D:2      | Reached XP level 4. HP: 20/30 MP: 3/8
  2672 | D:3      | Found Qemablong's Distillery.
  3287 | D:3      | Found a snail-covered altar of Cheibriados.
  3415 | D:4      | Noticed a lemure
  3446 | D:3      | Killed a lemure
  3614 | D:4      | Learned a level 3 spell: Swiftness
  3619 | D:4      | Learned a level 4 spell: Airstrike
  3631 | D:4      | Gained mutation: You have a pair of small antennae on your
                  | head. [demonic ancestry]
  3631 | D:4      | Reached XP level 5. HP: 19/35 MP: 4/9
  4019 | D:4      | Noticed Pikel
  4022 | D:4      | Noticed a lemure
  4039 | D:4      | Slain by a lemure

Illustrated notes

Levels and vault maps discovered:
D:1:      dpeg_arrival_short_road, layout_loops_ring, serial_shops, shop, shop,
          minmay_tromino_i4
D:2:      layout_loops_ring, chequers_ecumenical_altar_lobes
D:3:      layout_basic, minitemple, serial_shops, shop
D:4:      layout_basic, lemuel_mausoleum_altar_kikubaaqudgha, serial_glass,
          glass_columns_b, glass_columns_b, uniq_crazy_yiuf_cottage, uniq_pikel

Skill      XL: |  1  2  3  4  5 |
---------------+----------------+-----
Air Magic      | 3 |  3.6
Conjurations   | 2 3 |  3.1
Dodging        | 2 |  2.0
Spellcasting   | 3 |  3.4
Fighting       | |  0.2
Stealth        | |  1.7

Action                   |  1- 3 |  4- 6 || total
-------------------------+-------+-------++-------
Melee: Whip              |    12 |       ||    12
       Dagger            |     7 |    11 ||    18
 Cast: Shock             |    56 |    95 ||   151
Armor: Robe              |     5 |     6 ||    11
Dodge: Dodged            |    17 |    21 ||    38

Table legend: (Time is in decaauts)
 A = Elapsed time spent in this place.
 B = Non-inter-level travel time spent in this place.
 C = Inter-level travel time spent in this place.
 D = Time resting spent in this place.
 E = Time spent auto-exploring this place.
 F = Levels seen in this place.
 G = Mean time per level.
                   A        B        C        D        E       F      G
               +--------+--------+--------+--------+--------+-----+--------+
         Total |   4039 |   3882 |    157 |    823 |   2426 |   4 | 1009.8 |
       Dungeon |   4039 |   3882 |    157 |    823 |   2426 |   4 | 1009.8 |
               +--------+--------+--------+--------+--------+-----+--------+

Top non-repeatable levels by time:
     D:1: 1193 daAuts
     D:3: 1141 daAuts
     D:2: 1128 daAuts
     D:4: 576 daAuts
